 Dungeon Crawl Stone Soup version 0.30-a0-118-ga018f8e90f (webtiles) character file.

Game seed: 2597675292676526892

1556 quinnr the Destroyer (level 8, -4/42 HPs)
             Began as a Tengu Conjurer on Sept 14, 2022.
             Killed by divine providence
             ... invoked by an orc priest
              (15 damage)
             ... on level 6 of the Dungeon.
             The game lasted 00:19:02 (8181 turns).

quinnr the Destroyer (Tengu Conjurer)               Turns: 8181, Time: 00:19:03

Health: -4/42      AC:  4    Str:  7    XL:     8   Next: 88%
Magic:  1/13       EV: 14    Int: 22    God:
Gold:   175        SH:  0    Dex: 12    Spells: 3/13 levels left

rFire   . . .      SeeInvis .    q - +0 dagger (speed)
rCold   . . .      Faith    .    (no shield)
rNeg    . . .      Spirit   .    c - +0 troll leather armour
rPois   .          Reflect  .    (helmet restricted)
rElec   .          Harm     .    (no cloak)
rCorr   .          Rampage  .    (no gloves)
Will    +....                    (boots unavailable)
Stlth   ++........               (no amulet)
HPRegen 0.94/turn                W - ring of willpower
MPRegen 0.13/turn                (no ring)

@: about to teleport, on berserk cooldown, flying quickly and evasively, very
slightly contaminated, hasted and slowed, quick
A: beak, talons 3, nimble flight
a: no special abilities


You were on level 6 of the Dungeon.
You visited 1 branch of the dungeon, and saw 6 of its levels.

You collected 275 gold pieces.
You spent 100 gold pieces at shops.


Innate Abilities, Weirdness & Mutations

You have a beak for a mouth.
You have claws for feet.
Your magical nature lets you fly swiftly and evasively.


   Skills:
 + Level 0.7 Fighting
 - Level 3.0 Armour
 + Level 2.7 Dodging
 + Level 2.5 Stealth
 + Level 3.1 Spellcasting
 - Level 12.7 Conjurations
 + Level 4.2 Summonings


You had 3 spell levels left.
You knew the following spells:

 Your Spells              Type           Power      Damage    Failure   Level
c - Call Canine Familiar  Summ           21%        N/A       10%         3
m - Magic Dart            Conj           100%       1d8       1%          1
s - Searing Ray           Conj           100%       2d8       1%          2
X - Iskenderun's Mystic   Conj/Tloc      31%        2d8       13%         4

Your spell library contained the following spells:

 Spells                   Type           Power      Damage    Failure   Level
 Summon Small Mammal      Summ           84%        N/A       3%          1
 Dazzling Flash           Conj/Hex       62%        N/A       4%          3
 Summon Guardian Golem    Hex/Summ       12%        N/A       22%         3
 Fulminant Prism          Conj/Hex       15%        3d11      13%         4

Inventory:

Hand Weapons
 p - a +1 quarterstaff of pain
 q - a +0 dagger of speed (weapon)
Armour
 a - a +0 robe
 c - a +0 troll leather armour (worn)
Jewellery
 e - a +4 ring of evasion
 o - an amulet of guardian spirit
 v - a ring of see invisible
 E - a +4 ring of evasion
 W - a ring of willpower (left hand)
Scrolls
 g - 2 scrolls of summoning
 i - 2 scrolls of amnesia
 k - a scroll of noise
 l - 4 scrolls of magic mapping
 m - 4 scrolls of teleportation {@r2}
 n - 2 scrolls of identify {@r1}
 r - 3 scrolls of immolation {unknown}
 s - a scroll of fog
Potions
 b - a potion of magic
 d - 2 potions of curing {@q1}
 f - 2 potions of haste {@q3}
 h - 3 potions of heal wounds {@q2}
 t - a potion of flight

Dungeon Overview and Level Annotations

Branches:
Dungeon (6/15)
 Temple: D:4-7

Altars:
Cheibriados
Kikubaaqudgha
Ru
Sif Muna
Uskayaw
Wu Jian

Shops:
D:4 *

Annotations:
D:5 3 runed translucent doors, frimble's ghost, amateur DsAE

#........#.####....###..#
###.o......# ###.)....##
#........## #.....##
#.......## #...###
######.oo##.## #....##
###.#.....ho### #.....#
#............## ##..###
###.........oo### ##.#
#............@# ###
###......##.###
#..#..##### #######


You could see an orc warrior, 3 orc priests, an orc wizard (ally target) and a
friendly hound (summoned).


Message History

The orc priest calls upon Beogh to heal the orc warrior.
The orc warrior is healed somewhat.
The orc wizard hits your hound with a +0 dagger.
Unknown command.
Unknown command.
Without enough magic to sustain it, your searing ray dissipates.
Your hound closely misses the orc wizard.
The orc warrior barely misses you.
Your hound bites the orc wizard.
The orc priest barely misses your hound.
The orc wizard barely misses your hound.
Unknown command.
Casting: Searing Ray (safe; 1% risk of failure)
Confirm with . or Enter, or press ? or * to list all spells.
You don't have enough magic to cast this spell.
Unknown command.
Your hound closely misses the orc wizard.
The orc wizard hits your hound but does no damage.
As you read the scroll of teleportation {@r2}, it crumbles to dust.
You feel strangely unstable.
Your hound bites the orc wizard.
The orc warrior hits you with a +0 scimitar!
* * * LOW HITPOINT WARNING * * *
Your hound barely misses the orc wizard.
The orc wizard hits your hound but does no damage.
Unknown command.
Your hound barely misses the orc wizard.
The orc wizard hits your hound with a +0 dagger.
Your hound misses the orc wizard.
The orc priest invokes the aid of Beogh against you.
Beogh smites you!
You die...

Skill      XL: |  1  2  3  4  5  6  7  8 |
---------------+-------------------------+-----
Conjurations   | 6 7 10 12 | 12.7
Armour         | 1 2 3 |  3.0
Spellcasting   | 3 |  3.1
Summonings     | 3 4 |  4.2
Fighting       | |  0.7
Dodging        | |  2.7
Stealth        | |  2.5

Action                   |  1- 3 |  4- 6 |  7- 9 || total
-------------------------+-------+-------+-------++-------
Melee: Unarmed           |     7 |       |     6 ||    13
       Peck              |     2 |       |     6 ||     8
       Kick              |     1 |       |     5 ||     6
       Dagger            |       |       |    10 ||    10
 Cast: Magic Dart        |    90 |    36 |   117 ||   243
       Searing Ray       |       |    14 |    39 ||    53
       Call Canine Famil |       |     5 |    23 ||    28
       Iskenderun's Myst |       |       |     1 ||     1
  Use: Scroll            |     2 |     3 |     9 ||    14
       Potion            |       |       |     3 ||     3
Armor: Robe              |     3 |       |       ||     3
       Troll leather arm |     2 |     5 |    18 ||    25
Dodge: Dodged            |    16 |    16 |    66 ||    98

Levels and vault maps discovered:
D:1:      giann_horns, layout_basic, serial_aquarium,
          aquarium_bridge_island_small [aquarium_subvault_small_water,
          aquarium_subvault_bridge, aquarium_subvault_wall,
          aquarium_subvault_bridge, aquarium_subvault_wall],
          aquarium_bridge_square [aquarium_subvault_wall,
          aquarium_subvault_bridge, aquarium_subvault_window,
          aquarium_subvault_balcony], aquarium_window_corridor_3,
          aquarium_window_2, aquarium_view_2c, aquarium_balcony_3b
D:2:      layout_loops_ring, hellmonk_ecumenical_altar_dog_temple
D:3:      layout_loops_ring, nicolae_ru_sacrificial_ziggurat,
          gammafunk_ghost_grave, uniq_sigmund
D:4:      layout_basic, serial_shops, shop, minmay_misc_feat_secret_circle,
          chequers_mini_garden, minmay_close_crescents, uniq_robin
D:5:      layout_rooms, nicolae_wu_jian_immortal_techniques,
          dancing_weapons_uskayaw, gammafunk_ghost_nasty_kobolds,
          grunt_decor_resistance, st_stairs_9
D:6:      layout_cave_pools, mainiacjoe_overflow_alcove_2,
          chequers_temple_overflow_minitemple, uniq_edmund

Notes
Turn   | Place    | Note
-------+----------+-------------------------------------------
     0 | D:1      | quinnr the Tengu Conjurer began the quest for the Orb.
     0 | D:1      | Reached XP level 1. HP: 10/10 MP: 4/4
   169 | D:1      | Reached XP level 2. HP: 15/15 MP: 4/6
   978 | D:1      | Learned a level 2 spell: Searing Ray
  1012 | D:1      | Reached skill level 6 in Conjurations
  1012 | D:1      | Reached XP level 3. HP: 9/19 MP: 0/7
  1798 | D:2      | Identified the +1 leather armour of the Cicada {Fly rElec
                  | rCorr Str-5}
  1963 | D:2      | Reached skill level 1 in Armour
  2055 | D:2      | Reached XP level 4. HP: 24/24 MP: 4/8
  2122 | D:2      | Found a faded altar of an unknown god.
  2310 | D:2      | Learned a level 3 spell: Call Canine Familiar
  2751 | D:3      | Gained mutation: Your magical nature lets you fly swiftly
                  | and evasively. [Tengu growth]
  2751 | D:3      | Reached XP level 5. HP: 28/28 MP: 4/10
  2925 | D:3      | Noticed Sigmund
  2932 | D:3      | Killed Sigmund
  2933 | D:3      | Reached skill level 2 in Armour
  2933 | D:3      | Reached skill level 3 in Spellcasting
  2933 | D:3      | Reached skill level 7 in Conjurations
  2933 | D:3      | Reached skill level 3 in Summonings
  2933 | D:3      | Reached XP level 6. HP: 26/32 MP: 2/11
  3118 | D:3      | Found a runed translucent door.
  3118 | D:3      | Noticed IdlyInterested's ghost (amateur DsBe)
  3139 | D:3      | Found a sacrificial altar of Ru.
  3626 | D:3      | Killed IdlyInterested's ghost
  3627 | D:3      | Reached skill level 3 in Armour
  3627 | D:3      | Reached skill level 4 in Summonings
  3744 | D:4      | Found Duleack's General Store.
  3748 | D:4      | Bought a scroll of identify for 20 gold pieces
  3748 | D:4      | Bought a scroll of identify for 20 gold pieces
  3748 | D:4      | Bought a scroll of teleportation for 30 gold pieces
  3748 | D:4      | Bought a scroll of teleportation for 30 gold pieces
  3876 | D:4      | Reached XP level 7. HP: 36/36 MP: 4/12
  4100 | D:4      | Reached skill level 8 in Conjurations
  4213 | D:4      | Learned a level 4 spell: Iskenderun's Mystic Blast
  4638 | D:4      | Reached skill level 9 in Conjurations
  5092 | D:4      | Noticed Robin
  5107 | D:4      | Killed Robin
  5409 | D:4      | Reached skill level 10 in Conjurations
  5479 | D:4      | Reached XP level 8. HP: 41/41 MP: 5/13
  6038 | D:5      | Entered Level 5 of the Dungeon
  6040 | D:5      | Found a runed translucent gate.
  6041 | D:5      | Found a runed translucent gate.
  6041 | D:5      | Noticed frimble's ghost (amateur DsAE)
  6042 | D:5      | Found a runed translucent gate.
  6267 | D:5      | Noticed a +0 hand axe
  6268 | D:5      | Found a hide-covered altar of Uskayaw.
  6268 | D:5      | Noticed a +0 dagger
  6547 | D:5      | Reached skill level 11 in Conjurations
  6862 | D:5      | Found an ornate altar of the Wu Jian Council.
  7390 | D:5      | Reached skill level 12 in Conjurations
  7453 | D:6      | Found a snail-covered altar of Cheibriados.
  7453 | D:6      | Found an ancient bone altar of Kikubaaqudgha.
  7461 | D:6      | Found a faded altar of an unknown god.
  7555 | D:6      | Found a faded altar of an unknown god.
  7557 | D:6      | Found a shimmering blue altar of Sif Muna.
  8024 | D:6      | Noticed Edmund
  8037 | D:6      | Killed Edmund
  8181 | D:6      | Killed from afar by an orc priest

Vanquished Creatures
  Sigmund (D:3)
  The ghost of IdlyInterested the Cudgeller, an amateur DsBe of Trog (D:3)
  Edmund (D:6)
  A black bear (D:4)
  An ogre (D:4)
  2 centaurs
  2 gnoll sergeants
  3 jellies
  2 hounds
  An orc priest (D:5)
  An iguana (D:6)
  An orc wizard (D:5)
  Robin (D:4)
  11 gnolls
  13 adders
  2 shadow imps (D:5)
  2 ufetubi (D:4)
  A worm (D:2)
  3 dart slugs
  12 orcs
  6 bats (D:1)
  11 endoplasms
  4 giant cockroaches
  9 goblins
  9 hobgoblins
  3 jackals (D:2)
  11 kobolds
  5 quokkas
  2 ball pythons
  2 frilled lizards
  5 rats
129 creatures vanquished.

Vanquished Creatures (collateral kills)
  A scorpion (D:5)
  An adder (D:4)
  A gnoll (D:3)
  2 orcs
  A goblin (D:4)
  A hobgoblin (D:4)
7 creatures vanquished.

Vanquished Creatures (others)
  A fungus (D:5)
  3 plants (D:5)
  2 withered plants (D:3)
6 creatures vanquished.

Grand Total: 142 creatures vanquished

Table legend: (Time is in decaauts)
 A = Elapsed time spent in this place.
 B = Non-inter-level travel time spent in this place.
 C = Inter-level travel time spent in this place.
 D = Time resting spent in this place.
 E = Time spent auto-exploring this place.
 F = Levels seen in this place.
 G = Mean time per level.
                   A        B        C        D        E       F      G
               +--------+--------+--------+--------+--------+-----+--------+
         Total |   7920 |   7734 |    186 |    385 |   6192 |   6 | 1320.0 |
       Dungeon |   7920 |   7734 |    186 |    385 |   6192 |   6 | 1320.0 |
               +--------+--------+--------+--------+--------+-----+--------+

Top non-repeatable levels by time:
     D:4: 2126 daAuts
     D:1: 1564 daAuts
     D:5: 1296 daAuts
     D:3: 1206 daAuts
     D:2: 1068 daAuts
     D:6: 658 daAuts

Table legend:
 A = Non-vault XP
 B = Vault XP
 C = Vault XP percentage of total XP
 D = Non-vault monster count
 E = Vault monster count
 F = Vault count percentage of total count
                 A         B        C        D         E       F
            +---------+---------+-------+---------+---------+-------
      Total |    1453 |     770 |  34.6 |     110 |      26 |  19.1
            +---------+---------+-------+---------+---------+-------
        D:1 |      46 |       0 |   0.0 |      29 |       0 |   0.0
        D:2 |      81 |       6 |   6.9 |      16 |       3 |  15.8
        D:3 |      67 |     410 |  86.0 |      15 |       2 |  11.8
        D:4 |     495 |     163 |  24.8 |      22 |      17 |  43.6
        D:5 |     499 |      27 |   5.1 |      20 |       3 |  13.0
        D:6 |     265 |     164 |  38.2 |       8 |       1 |  11.1
            +---------+---------+-------+---------+---------+-------
